Map: Frost LE

Players

TRUE - Winner!

  • Race: Zerg Zerg

InvHarstem (Harstem)

  • Race: Protoss Protoss

Event: 2016 WCS Summer Circuit Championship (DH Montreal)

VOD

Have the link to the VOD?

Description

Time

  • Played on: Aug. 13, 2016, 11:56 a.m.
  • Length: 9:19

All games in this series

Show
View Real Time Build Order
Export as new Build Order

TRUE Zerg - Winner!

Build Orders: Hatch First 

Get SALT Encoding   

  12  0:00  Drone  
  13  0:08  Drone  
  14  0:33  Hatchery  
  13  0:37  Drone  
  14  0:43  Overlord  
  14  0:50  Extractor, Drone  
  15  1:01  Drone  
  15  1:02  Drone  
  17  1:06  Extractor  
  16  1:15  Spawning Pool  
  15  1:19  Drone  
  15  1:23  Drone  
  17  1:32  Drone  
  18  1:42  Drone  
  18  1:45  Drone  
  20  1:59  Drone  
  21  2:02  Hatchery  
  21  2:03  Drone  
  21  2:09  Metabolic Boost  
  21  2:14  Drone  
  22  2:21  Queen  
  24  2:29  Queen  
  26  2:32  Zergling x2  
  26  2:36  Overlord  
  27  2:38  Zergling x2  
  28  2:47  Extractor, Zergling x2  
  29  2:55  Zergling x8  
  29  2:56  Drone  
  34  3:01  Queen  
  36  3:18  Drone x5  
  38  3:21  Drone  
  38  3:24  Drone  
  39  3:27  Drone  
  39  3:33  Drone  
  41  3:36  Drone  
  41  3:40  Overlord  
  42  3:46  Overlord  
  42  3:58  Drone  
  42  3:59  Drone x5  
  42  4:01  Drone  
  42  4:02  Baneling Nest, Drone  
  49  4:04  Drone  
  49  4:05  Drone  
  49  4:08  Drone  
  52  4:10  Drone  
  52  4:12  Drone  
  52  4:15  Drone  
  52  4:16  Drone  
  56  4:18  Drone  
  57  4:27  Overlord  
  57  4:33  Overlord  
  57  4:34  Zergling x2  
  58  4:43  Overlord  
  58  4:46  Zergling x16  
  58  4:52  Zergling x6  
  69  4:54  Zergling x2  
  69  4:56  Zergling x2  
  69  4:58  Overlord  
  69  4:59  Zergling x2  
  72  5:02  Baneling x5, Queen  
  72  5:06  Queen, Zergling x2  
  79  5:07  Zergling x4  
  79  5:08  Zergling x2  
  79  5:09  Zergling x2  
  79  5:10  Zergling x2  
  79  5:12  Overlord  
  82  5:18  Zergling x8  
  79  5:29  Zergling x10  
  79  5:34  Zergling x2  
  83  5:36  Zergling x4  
  83  5:39  Baneling x7  
  83  5:40  Baneling, Zergling x2  
  83  5:41  Zergling x2  
  83  5:42  Zergling x2  
  88  5:45  Zergling x2  
  88  5:48  Zergling x2  
  89  5:51  Zergling x2  
  89  5:53  Zergling x2  
  89  5:54  Zergling x2  
  89  5:55  Zergling x2  
  90  5:57  Zergling x2  
  90  6:01  Drone x2  
  86  6:11  Drone  
  86  6:13  Drone x2  
  86  6:15  Queen  
  86  6:17  Evolution Chamber  
  89  6:20  Drone x2  
  89  6:23  Drone  
  92  6:26  Drone x5  
  92  6:30  Pneumatized Carapace  
  92  6:31  Overlord  
  97  6:33  Extractor  
  97  6:34  Extractor  
  97  6:39  Overlord  
  95  6:40  Hatchery  
  95  6:41  Overlord  
  95  6:46  Overlord  
  93  6:48  Overlord  
  93  6:52  Hatchery  
  91  6:57  Drone  
  91  6:58  Drone x2  
  91  7:00  Drone x2  
  96  7:02  Zergling x2  
  96  7:03  Zergling x12  
  96  7:04  Overlord  
  96  7:05  Zerg Melee Weapons Level 1  
  96  7:06  Zergling x2  
  104  7:09  Zergling x2  
  104  7:15  Zergling x2  
  105  7:18  Zergling x2  
  105  7:21  Baneling x2  
  105  7:22  Baneling x4  
  106  7:23  Queen x2  
  106  7:26  Queen, Zergling x2  
  106  7:27  Zergling x6  
  106  7:28  Zergling x4  
  117  7:33  Zergling x6  
  114  7:37  Zergling x4  
  114  7:38  Zergling x4  
  114  7:41  Zergling x2  
  114  7:42  Zergling x2  
  115  7:46  Zergling x2  
  115  7:49  Zergling x4  
  117  7:52  Baneling x6  
  117  7:53  Baneling x4  
  117  7:55  Zergling x6  
  120  8:00  Zergling x8  
  120  8:04  Zergling x4  
  121  8:06  Zergling x2  
  121  8:08  Zergling x4  
  121  8:10  Zergling x2  
  121  8:12  Zergling x4  
  110  8:14  Zergling x2  
  110  8:15  Zergling x2  
  110  8:16  Queen  
  106  8:22  Baneling x8  
  106  8:23  Zergling x2  
  106  8:24  Zergling x4  
  101  8:28  Zergling x8  
  101  8:33  Zergling x2  
  93  8:34  Queen, Zergling x6  
  93  8:35  Zergling x4  
  93  8:36  Zergling x2  
  93  8:37  Zergling x4  
  98  8:43  Zergling x2  
  98  8:47  Zergling x2  
  88  8:49  Zergling x4  
  88  8:54  Zergling x4  
  89  8:56  Zergling x4  
  89  8:59  Baneling x11  
  89  9:00  Zergling x2  
  89  9:01  Zergling x4  
Show
View Real Time Build Order
Export as new Build Order

InvHarstem Protoss 

Build Orders: 1 Gate Expand, Mass Adepts 

Get SALT Encoding   

  12  0:00  Probe (Chrono Boost)  
  13  0:11  Probe (Chrono Boost)  
  14  0:20  Pylon  
  14  0:24  Probe (Chrono Boost)  
  15  0:38  Probe (Chrono Boost)  
  15  0:40  Gateway  
  16  0:49  Probe (Chrono Boost)  
  17  0:59  Probe (Chrono Boost)  
  18  1:14  Nexus  
  18  1:23  Gateway  
  18  1:28  Assimilator  
  18  1:32  Probe (Chrono Boost)  
  19  1:42  Cybernetics Core  
  19  1:44  Probe (Chrono Boost)  
  20  1:50  Assimilator  
  20  1:55  Probe (Chrono Boost)  
  20  1:59  Pylon  
  21  2:06  Probe (Chrono Boost)  
  22  2:16  Adept  
  22  2:17  Probe (Chrono Boost), Adept  
  27  2:25  Warp Gate  
  27  2:28  Probe (Chrono Boost)  
  28  2:32  Probe (Chrono Boost)  
  29  2:40  Probe (Chrono Boost)  
  29  2:43  Probe (Chrono Boost)  
  29  2:44  Adept  
  33  2:50  Probe (Chrono Boost)  
  34  2:54  Probe (Chrono Boost)  
  35  2:59  Twilight Council  
  35  3:01  Probe (Chrono Boost)  
  35  3:04  Probe (Chrono Boost)  
  37  3:12  Probe (Chrono Boost)  
  38  3:15  Probe (Chrono Boost)  
  39  3:22  Probe (Chrono Boost)  
  39  3:26  Adept  
  39  3:29  Resonating Glaives  
  39  3:30  Robotics Facility  
  39  3:32  Adept  
  39  3:33  Probe (Chrono Boost)  
  42  3:38  Probe (Chrono Boost)  
  42  3:40  Pylon  
  42  3:43  Probe (Chrono Boost)  
  43  3:49  Gateway  
  43  3:50  Probe (Chrono Boost)  
  43  3:54  Probe (Chrono Boost)  
  46  4:04  Probe (Chrono Boost), Pylon  
  46  4:09  Mothership Core (Chrono Boost)  
  48  4:15  Probe (Chrono Boost)  
  48  4:16  Warp Prism  
  51  4:29  Adept x2  
  57  4:35  Nexus  
  55  4:39  Pylon  
  55  4:41  Pylon  
  55  4:46  Adept  
  55  4:50  Adept x2  
  60  4:53  Probe (Chrono Boost)  
  60  4:55  Pylon  
  60  4:58  Gateway  
  61  5:00  Pylon  
  62  5:09  Pylon  
  62  5:10  Immortal  
  61  5:16  Gateway x2  
  61  5:18  Sentry  
  61  5:19  Sentry  
  69  5:28  Adept  
  63  5:31  Gateway  
  57  5:37  Pylon  
  57  5:38  Probe (Chrono Boost), Gateway  
  58  5:44  Adept x2  
  61  5:53  Adept  
  61  5:54  Probe (Chrono Boost)  
  61  5:56  Adept  
  66  6:06  Adept x2, Immortal  
  62  6:14  Pylon  
  62  6:17  Assimilator  
  67  6:19  Adept x2  
  67  6:21  Adept  
  67  6:23  Assimilator  
  72  6:40  Adept x2  
  72  6:41  Nexus  
  72  6:46  Adept x2  
  78  6:53  Adept x3, Pylon  
  84  6:56  Pylon  
  84  7:00  Pylon  
  84  7:01  Pylon  
  84  7:04  Adept  
  86  7:09  Pylon  
  86  7:15  Adept  
  88  7:20  Adept  
  88  7:21  Adept x3  
  96  7:33  Adept  
  96  7:35  Adept x2  
  94  7:41  Adept  
  94  7:51  Stalker  
  94  7:53  Zealot, Adept  
  94  7:54  Zealot  
  102  7:58  Adept  
  102  8:04  Adept  
  100  8:16  Adept x3  
  100  8:21  Adept  
  92  8:31  Adept x2  
  78  8:34  Adept  
  78  8:37  Zealot x3  
  80  8:45  Adept  
  66  8:51  Adept x2  
  66  9:00  Probe (Chrono Boost)  
  66  9:02  Adept x3  
  67  9:06  Zealot x2  
  66  9:11  Adept  
Tags
 
Add a new tag
Caveats
  • Supply blocks, unpowered buildings, or Contaminate may cause inaccurate times.
  • Supply counts are checked every 10 seconds.